Map: [TLMC21] Tourmaline

Players

Jumy (ForJumy)

  • Race: Protoss Protoss
  • League: Master
  • Spawn Location: 7:00

HolyHit - Winner!

  • Race: Protoss Protoss
  • League: Grandmaster
  • Spawn Location: 1:00

VOD

Have the link to the VOD?

Description

Time

  • Played on: Jan. 30, 2026, 2:43 p.m.
  • Length: 5:58
Show
View Real Time Build Order
Export as new Build Order

Jumy Protoss 

Build Orders:  

Get SALT Encoding   

  12  0:00  Probe  
  13  0:12  Probe  
  14  0:16  Pylon  
  14  0:24  Probe  
  15  0:35  Probe, Gateway  
  16  0:43  Probe  
  16  0:49  Assimilator  
  17  0:51  Probe  
  18  0:58  Assimilator  
  18  1:03  Probe  
  19  1:08  Gateway  
  19  1:11  Probe  
  20  1:20  Probe  
  20  1:22  Cybernetics Core  
  21  1:31  Pylon  
  21  1:34  Probe  
  22  1:46  Probe  
  23  1:57  Stalker  
  23  1:58  Probe  
  23  2:00  Sentry  
  28  2:06  Warp Gate  
  28  2:10  Probe  
  29  2:16  Pylon  
  29  2:22  Probe  
  30  2:36  Nexus  
  30  2:42  Probe  
  31  2:50  Robotics Facility  
  31  2:54  Pylon  
  31  2:58  Stalker  
  31  3:05  Probe  
  34  3:09  Sentry  
  35  3:13  Shield Battery  
  35  3:18  Probe  
  36  3:28  Immortal  
  36  3:30  Probe  
  36  3:31  Shield Battery  
  40  3:51  Pylon  
  37  3:56  Stalker  
  37  4:00  Stalker  
  31  4:15  Shield Battery  
  31  4:18  Probe x2  
  31  4:22  Immortal  
  33  4:34  Sentry  
  33  4:38  Sentry  
  41  4:42  Shield Battery  
  41  4:45  Probe  
  42  4:59  Stalker  
  39  5:10  Stalker  
  36  5:15  Immortal  
  40  5:30  Sentry  
  42  5:37  Adept  
  42  5:40  Probe  
  45  5:43  Probe  
Show
View Real Time Build Order
Export as new Build Order

HolyHit Protoss - Winner!

Build Orders:  

Get SALT Encoding   

  12  0:00  Probe  
  13  0:12  Probe  
  14  0:17  Pylon  
  14  0:24  Probe  
  15  0:32  Probe  
  15  0:37  Gateway  
  15  0:40  Probe  
  16  0:46  Assimilator  
  17  0:51  Probe  
  17  0:55  Assimilator  
  18  1:00  Probe  
  19  1:08  Probe  
  19  1:09  Gateway  
  19  1:17  Probe  
  21  1:26  Cybernetics Core  
  21  1:29  Probe  
  22  1:37  Pylon  
  22  1:41  Probe  
  24  2:05  Robotics Facility, Stalker  
  24  2:06  Warp Gate  
  26  2:10  Stalker  
  27  2:31  Pylon  
  27  2:32  Stalker  
  29  2:37  Stalker  
  29  2:42  Immortal  
  35  3:08  Pylon  
  35  3:15  Sentry  
  37  3:20  Warp Prism  
  39  3:51  Immortal  
  39  4:14  Stalker x2  
  43  4:19  Pylon  
  43  4:26  Immortal  
  47  4:34  Pylon  
  47  4:39  Adept x2  
  51  4:57  Immortal  
  45  5:15  Stalker x2  
  49  5:38  Sentry x2  
  49  5:41  Nexus  
Tags
 
Add a new tag
Caveats
  • Supply blocks, unpowered buildings, or Contaminate may cause inaccurate times.
  • Supply counts are checked every 10 seconds.